 Dungeon Crawl Stone Soup version 0.18-a0-1702-gd20c6a5 (webtiles) character file.

3693 suvakkihuora the Spear-Bearer (level 9, -8/79 HPs)
             Began as a Minotaur Abyssal Knight on Apr 7, 2016.
             Was a High Priest of Lugonu.
             Mangled by a five-headed hydra (10 damage)
             ... on level 9 of the Dungeon.
             The game lasted 00:15:52 (7408 turns).

suvakkihuora the Spear-Bearer (MiAK)                Turns: 7408, Time: 00:15:53

Health: -8/79      AC: 18    Str: 19    XL:     9   Next: 90%
Magic:  6/21       EV:  6    Int:  9    God:    Lugonu [*****.]
Gold:   638        SH:  0    Dex: 11    Spells: 0 memorised, 8 levels left

rFire  . . .     SeeInvis .     A - +2 scythe (protect)
rCold  . . .     Gourm    .     f - +0 plate armour
rNeg   . . .     Faith    .     (shield currently unavailable)
rPois  .         Spirit   .     (helmet restricted)
rElec  +         Dismiss  .     r - +0 cloak
rCorr  .         Reflect  .     j - +0 pair of gloves
SustAt +         Harm     .     (no boots)
MR     .....     Clarity  +     (no amulet)
Stlth  ..........               v - ring of magical power
                                o - ring of sustain attributes

@: not resistant to hostile enchantments, extremely unstealthy
A: retaliatory headbutt, horns 2, clarity, electricity resistance
a: Depart the Abyss, Bend Space, Banish, Corrupt, Enter the Abyss, Renounce
Religion


You were on level 9 of the Dungeon.
You worshipped Lugonu.
Lugonu was extremely pleased with you.
You were very hungry.

You visited 1 branch of the dungeon, and saw 9 of its levels.
You visited the Abyss 1 time.
You also visited: Ossuary.

You collected 638 gold pieces.

Inventory:

Hand Weapons
 a - a +1 spear
 A - a +2 scythe of protection (weapon)
 T - the +3 flail of Benevolence {holy, rC++, unknown}
   (You found it on level 8 of the Dungeon)

   It has been blessed by the Shining One to cause great damage to the undead
   and demons.
   It greatly protects you from cold.
Missiles
 d - 98 stones (quivered)
 M - a throwing net
Armour
 f - a +0 plate armour (worn)
 j - a +0 pair of gloves (worn)
 r - a +0 cloak (worn)
 B - a +2 robe of positive energy
Jewellery
 l - an uncursed amulet of the gourmand
 o - a ring of sustain attributes (left hand)
 v - a ring of magical power (right hand)
Wands
 m - a wand of flame (11/48)
 s - a wand of lightning (0/15)
 y - a wand of lightning (1/15)
 C - a wand of random effects (23/48)
 D - a wand of lightning (10/15)
 E - a wand of heal wounds (4/9)
 F - a wand of iceblast (6/15)
 I - a wand of digging (13/24)
 K - a wand of polymorph (12/24)
 U - a wand of slowing (34/48)
Scrolls
 b - 7 scrolls of remove curse {unknown}
 g - 2 scrolls of noise {unknown}
 k - 2 scrolls of identify
 n - a scroll of magic mapping {unknown}
 p - 2 scrolls of amnesia
 w - a scroll of teleportation {unknown}
 z - 2 scrolls of recharging {unknown}
 H - a scroll of blinking {unknown}
 N - a scroll of random uselessness {unknown}
 Q - a scroll of fog {unknown}
 S - a scroll of immolation
Potions
 h - 4 potions of curing
 i - 2 potions of resistance
 t - a potion of invisibility
 u - a potion of flight
 J - a potion of cancellation
 O - a potion of cure mutation
 P - a potion of degeneration
Books
 x - a book of Burglary

   Spells                             Type                      Level
   a - Swiftness                      Charms/Air                   2
   b - Passwall                       Transmutation/Earth          2
   c - Passage of Golubria            Translocation                4
   d - Lee's Rapid Deconstruction     Earth                        5
   e - Darkness                       Hexes                        6
   f - Invisibility                   Hexes                        6
Comestibles
 c - 3 bread rations
 q - 5 meat rations
 G - 4 slices of pizza
 L - 4 fruits
 R - a beef jerky


   Skills:
 + Level 7.1 Fighting
 * Level 13.8 Polearms
 - Level 2.8 Armour
 - Level 1.3 Dodging
 * Level 5.8 Invocations


You had 8 spell levels left.
You didn't know any spells.

Dungeon Overview and Level Annotations

Branches:
Dungeon (9/15)             Temple (0/1) D:7
   Lair: D:8-11         Orc: D:9-12

Altars:
Elyvilon
Fedhas
Kikubaaqudgha
Okawaru
Pakellas
Qazlal
Ru
The Shining One


Innate Abilities, Weirdness & Mutations

You reflexively headbutt those who attack you in melee.
You have a pair of horns on your head.
You possess an exceptional clarity of mind.
You are resistant to electric shocks.


Message History

Press: ? - help, Shift-Dir - straight line, f/p - five-headed hydra
Aim: a five-headed hydra (chance to defeat MR: 45%)
The five-headed hydra resists with some effort.
You are feeling very hungry.
The yak gores you but does no damage. x2
The five-headed hydra bites you but does no damage. x2
The five-headed hydra bites you.
* * * LOW HITPOINT WARNING * * *
The five-headed hydra bites you but does no damage.
The five-headed hydra completely misses you.
Unknown command.
Press: ? - help, Shift-Dir - straight line, f/p - five-headed hydra
Aim: a five-headed hydra (chance to defeat MR: 45%)
You fail to use your ability.
The yak gores you.
* * * LOW HITPOINT WARNING * * *
The yak gores you.
* * * LOW HITPOINT WARNING * * *
The five-headed hydra closely misses you.
The five-headed hydra bites you!
You die...

# ### #. ..# #. #.#
#.. #.# #####
#..###### #.# #....
#.....Y.#####.####.###
#...D@Ytr.............
#.#####[...........###
#######.##..## #.#####
.(# ####


You could see a five-headed hydra, 2 yaks, a crocodile and a rat.

Vanquished Creatures
  Sigmund (D:4)
  6 yaks (D:9)
  Eustachio (D:6)
  A hippogriff (D:7)
  Menkaure (D:4)
  2 orc warriors
  A wasp (D:7)
  A crocodile (D:9)
  2 elf zombies (Ossuary)
  A giant frog (D:7)
  5 scorpions
  3 killer bees (D:8)
  2 vampire bats (D:6)
  2 crimson imps
  5 hounds
  A centaur skeleton (D:4)
  A giant frog skeleton (D:8)
  2 orc priests
  Ijyb (D:2)
  Natasha (thrice) (D:2)
  9 orc wizards
  5 worker ants
  A big kobold zombie (Ossuary)
  A hound zombie (D:7)
  A hound skeleton (D:7)
  2 mummies (Ossuary)
  A howler monkey skeleton (D:4)
  6 gnolls (D:6)
  7 adders
  3 river rats (D:9)
  4 shadow imps
  2 oozes
  An adder zombie (D:8)
  An adder skeleton (D:8)
  A worm (D:2)
  2 dart slugs
  5 giant geckos
  32 orcs
  3 bat skeletons (D:6)
  2 bat zombies (D:6)
  6 giant cockroaches
  3 gnoll zombies (Ossuary)
  14 goblins
  2 hobgoblins
  6 jackals (D:3)
  5 quokkas
  2 ball pythons
  4 bats
  A giant newt (D:3)
  A goblin zombie (Ossuary)
  5 hobgoblin zombies (Ossuary)
  8 kobolds
  2 orc zombies (Ossuary)
  2 quokka skeletons (D:4)
  A quokka zombie (D:6)
  19 rats
212 creatures vanquished.

Vanquished Creatures (others)
  An orc priest (D:5)
  An iguana (D:4)
  A giant newt (D:4)
  A bush (D:9)
  3 fungi (D:9)
  6 plants (D:9)
13 creatures vanquished.

Grand Total: 225 creatures vanquished

Notes
Turn   | Place    | Note
--------------------------------------------------------------
     0 | Abyss:1  | suvakkihuora the Minotaur Abyssal Knight began the quest for the Orb.
     0 | Abyss:1  | Reached XP level 1. HP: 19/19 MP: 1/1
    29 | Abyss:1  | Noticed a sixfirhy
    30 | D:1      | Escaped the Abyss
    45 | D:1      | Reached XP level 2. HP: 25/27 MP: 2/2
    60 | D:1      | Reached * piety under Lugonu
   406 | D:1      | Reached XP level 3. HP: 34/34 MP: 3/3
   538 | D:1      | Reached skill level 3 in Polearms
   672 | D:2      | Noticed Ijyb
   691 | D:2      | Killed Ijyb
   691 | D:2      | Reached XP level 4. HP: 28/41 MP: 4/4
   730 | D:2      | Noticed Natasha
   750 | D:2      | Killed Natasha
   750 | D:2      | Reached ** piety under Lugonu
   750 | D:2      | Reached skill level 4 in Polearms
   822 | D:2      | Noticed Natasha
   840 | D:2      | Killed Natasha
   932 | D:2      | Reached XP level 5. HP: 43/47 MP: 4/6
   962 | D:2      | Found a blossoming altar of Fedhas.
  1186 | D:2      | Noticed Natasha
  1196 | D:2      | Killed Natasha
  1196 | D:2      | Reached skill level 5 in Fighting
  1219 | D:2      | Found a faded altar to an unknown god.
  1435 | D:3      | Reached skill level 5 in Polearms
  1687 | D:3      | Found an oddly glowing altar of Pakellas.
  1869 | D:3      | Found a white marble altar of Elyvilon.
  1892 | D:3      | Reached *** piety under Lugonu
  2237 | D:4      | Found a stormy altar of Qazlal.
  2280 | D:4      | Noticed Sigmund
  2305 | D:4      | Killed Sigmund
  2305 | D:4      | Reached skill level 6 in Polearms
  2305 | D:4      | Reached XP level 6. HP: 36/56 MP: 7/7
  3009 | D:4      | Noticed Menkaure
  3164 | D:4      | Killed Menkaure
  3164 | D:4      | Reached XP level 7. HP: 19/62 MP: 8/8
  3765 | D:5      | Entered Level 5 of the Dungeon
  3766 | D:5      | Reached skill level 7 in Polearms
  4048 | D:5      | Found a sacrificial altar of Ru.
  4068 | D:5      | Reached skill level 8 in Polearms
  4241 | D:5      | Found a sand-covered staircase.
  4258 | Ossuary  | Entered an ossuary
  4272 | Ossuary  | Reached **** piety under Lugonu
  4301 | Ossuary  | Reached skill level 9 in Polearms
  4305 | Ossuary  | Reached XP level 8. HP: 37/70 MP: 10/10
  4801 | D:6      | Reached skill level 10 in Polearms
  4968 | D:6      | Found a glowing golden altar of the Shining One.
  4971 | D:6      | Noticed Eustachio
  4978 | D:6      | Killed Eustachio
  5075 | D:6      | Found an iron altar of Okawaru.
  5272 | D:6      | Reached skill level 11 in Polearms
  5347 | D:6      | Found an ancient bone altar of Kikubaaqudgha.
  5536 | D:7      | Found a staircase to the Ecumenical Temple.
  5823 | D:7      | Reached ***** piety under Lugonu
  5823 | D:7      | Reached skill level 12 in Polearms
  5823 | D:7      | Reached XP level 9. HP: 70/75 MP: 11/11
  6109 | D:7      | Paralysed by a wasp for 1 turns
  6336 | D:8      | Got a pitted flail
  6479 | D:8      | Reached skill level 13 in Polearms
  6854 | D:8      | Gained mutation: You possess an exceptional clarity of mind. [potion of beneficial mutation]
  6855 | D:8      | Gained mutation: You are resistant to electric shocks. [potion of beneficial mutation]
  7125 | D:9      | Reached skill level 5 in Invocations
  7402 | D:9      | Noticed a five-headed hydra
  7408 | D:9      | HP: 2/79 [yak (4)]
  7408 | D:9      | Mangled by a five-headed hydra

Vault maps used:
D:1:      erik_arrival_orb_chamber
D:2:      lemuel_doored_altar, first_bread, ecumenical_altar_1, uniq_natasha,
          uniq_iyjb
D:3:      johnstein_pakellas_death_squad, elyvilon_altar_5
D:4:      grunt_qazlal_clouds, uniq_menkaure, uniq_sigmund
D:5:      overflow_temple_1_default, lightli_ossuary_entry_decrepit_ruins
D:6:      okawaru_altar_gauntlet_db, kennysheep_vampire_church,
          overflow_temple_1_default, uniq_eustachio
D:7:      minmay_temple_entry_mist
D:9:      minmay_lair_entry_grove, erik_orc_2
Ossuary:  minmay_ossuary_gauntlet

Skill      XL: |  1  2  3  4  5  6  7  8  9 |
---------------+----------------------------+-----
Fighting       | 4 5 6 7 |  7.1
Polearms       | 3 4 6 9 12 13 | 13.8
Invocations    | 2 3 4 5 |  5.8
Armour         | |  2.8
Dodging        | |  1.3

Action                   |  1- 3 |  4- 6 |  7- 9 || total
-------------------------+-------+-------+-------++-------
Melee: Spear             |    93 |   175 |       ||   268
       Scythe            |       |     8 |   389 ||   397
Throw: Stone             |       |       |     2 ||     2
Invok: Depart the Abyss  |     1 |       |       ||     1
       Banish            |       |       |     6 ||     6
Evoke: Wand              |       |     5 |     3 ||     8
  Use: Scroll            |       |       |    12 ||    12
       Potion            |       |       |     2 ||     2
  Eat: Chunk             |       |     6 |    15 ||    21
       Pizza             |       |     1 |       ||     1
